 Dungeon Crawl Stone Soup version 0.27.0-1-g7a089689b8 (webtiles) character file.

Game seed: 4450474437714643192

4829 EnegeticOcto the Cleaver (level 10, -6/88 (90) HPs)
             Began as a Minotaur Fighter on Aug 8, 2021.
             Was an Elder of Okawaru.
             Mangled by an orc warrior (14 damage)
             ... on level 8 of the Dungeon.
             The game lasted 00:04:05 (6209 turns).

EnegeticOcto the Cleaver (Minotaur Fighter)         Turns: 6209, Time: 00:04:05

HP:   -6/88 (90)    AC:  9    Str: 24    XL:     10   Next: 25%
MP:   10/12         EV: 11    Int:  5    God:    Okawaru [****..]
Gold: 569           SH: 13    Dex: 10    Spells: 9/9 levels left

rFire    . . .     SeeInvis +   a - +1 war axe (freeze)
rCold    . . .     Faith    .   c - +0 kite shield
rNeg     . . .     Spirit   .   b - +0 scale mail
rPois    .         Reflect  .   (helmet restricted)
rElec    .         Harm     .   (no cloak)
rCorr    .         Rampage  .   (no gloves)
Will     .....                  (no boots)
Stlth    +.........             f - amulet of regeneration
HPRegen  1.24/turn              e - ring of see invisible
MPRegen  0.13/turn              (no ring)

@: heroic, lightly drained
A: horns 2, retaliatory headbutt
a: Renounce Religion, Heroism


You were on level 8 of the Dungeon.
You worshipped Okawaru.
Okawaru was greatly pleased with you.
You visited 2 branches of the dungeon, and saw 9 of its levels.
You also visited: Ossuary.

You collected 569 gold pieces.

Inventory:

Hand Weapons
 a - a +1 war axe of freezing (weapon)
 p - a +1 hand axe of electrocution
Armour
 b - a +0 scale mail (worn)
 c - a +0 kite shield (worn)
Jewellery
 e - a ring of see invisible (left hand)
 f - an amulet of regeneration (around neck)
 t - an amulet of magic regeneration
 z - an amulet of guardian spirit
 C - an amulet of the acrobat
Wands
 w - a wand of polymorph (5)
 x - a wand of acid (7) {@v1}
 y - a wand of iceblast (8) {@v2}
 A - a wand of paralysis (6)
Scrolls
 j - a scroll of magic mapping {@r5}
 k - 2 scrolls of vulnerability
 n - 8 scrolls of teleportation {@r3}
 D - a scroll of identify {@r1}
Potions
 d - a potion of might {@q3}
 g - 2 potions of mutation
 h - a potion of brilliance
 i - a potion of berserk rage
 l - 9 potions of curing {@q1}
 o - a potion of ambrosia
 q - 3 potions of flight
 r - 2 potions of resistance {unknown}
 s - a potion of haste {unknown}
 u - 2 potions of attraction {unknown}
 v - 3 potions of lignification {unknown}


   Skills:
 + Level 8.4(13.4) Fighting
 * Level 11.0(16.0) Axes
 + Level 8.4(13.4) Armour
 + Level 8.5(13.5) Shields
 + Level 4.8 Invocations


You had 9 spell levels left.
You didn't know any spells.
Your spell library was empty.

Dungeon Overview and Level Annotations

Branches:
Dungeon (8/15)             Temple (1/1) D:5         Ossuary (visited)
   Lair: D:8-11

Altars:
Ashenzari
Cheibriados
Dithmenos
Elyvilon
Fedhas
Hepliaklqana
Makhleb
Nemelex Xobeh
Okawaru
Qazlal
Ru
Trog
Vehumet
Wu Jian
Xom
Zin
The Shining One

Shops:
D:7 *

Portals:
Abyss: D:1***

Annotations:
D:4 exclusion: oklob plant
D:8 exclusion: statue


Innate Abilities, Weirdness & Mutations

You have a pair of horns on your head.
You reflexively headbutt those who attack you in melee.


Message History

* * * LOW HITPOINT WARNING * * *
You block the bullfrog's attack.
You are too injured to fight recklessly!
You are too injured to fight recklessly!
You are too injured to fight recklessly!
You are too injured to fight recklessly!
You are too injured to fight recklessly!
You are too injured to fight recklessly!
You are too injured to fight recklessly!
You are too injured to fight recklessly!
You are too injured to fight recklessly!
You are too injured to fight recklessly!
You are too injured to fight recklessly!
You are too injured to fight recklessly!
You are too injured to fight recklessly!
You are too injured to fight recklessly!
You are too injured to fight recklessly!
You are too injured to fight recklessly!
Okay, then.
As you read the scroll labelled XAK QOUSUIGI, it crumbles to dust.
Wisps of shadow whirl around you...
It was a scroll of summoning.
The wyvern zombie bites you!
* * * LOW HITPOINT WARNING * * *
The orc warrior barely misses you.
The orc warrior hits you with a +0 war axe.
* * * LOW HITPOINT WARNING * * *
The bullfrog hits you.
* * * LOW HITPOINT WARNING * * *
The two-headed ogre closely misses you. You block the two-headed ogre's attack.
You feel much better. You block the orc warrior's attack.
The orc warrior hits you with a +0 war axe!
* * * LOW HITPOINT WARNING * * *
The wyvern zombie bites your orc wizard.
The bullfrog hits you but does no damage.
Your hornet zombie hits the two-headed ogre.
Your orc hits the wyvern zombie with a +0 trident!
Your orc warrior hits the orc warrior with a +0 short sword.
Your orc wizard hits the wight with a +0 dagger.
You feel much better.
The two-headed ogre hits you with a +0 giant club!
The two-headed ogre closely misses you.
The wyvern zombie bites your orc wizard!
The orc warrior barely misses your orc warrior.
Your hornet zombie barely misses the two-headed ogre.
The orc warrior hits you with a +0 war axe.
* * * LOW HITPOINT WARNING * * *
You block the wight's attack.
The bullfrog hits you but does no damage.
Your orc wizard hits the wyvern zombie with a +0 dagger.
Your orc warrior hits the orc warrior but does no damage.
You gain the combat prowess of a mighty hero.
The wyvern zombie closely misses your orc wizard.
Your hornet zombie hits the two-headed ogre!
The orc warrior hits your orc warrior with a +0 flail of protection.
The two-headed ogre hits your hornet zombie with a +0 giant club!!
The two-headed ogre hits your hornet zombie with a +0 giant spiked club!!
Your hornet zombie is destroyed!
The orc warrior hits you but does no damage.
You block the wight's attack. You block the bullfrog's attack.
Your orc barely misses the wyvern zombie.
The wyvern zombie misses your orc wizard.
Your orc warrior hits the orc warrior with a +0 short sword!
The orc warrior dies!
Okawaru accepts your kill.
Your orc wizard barely misses the wyvern zombie.
The two-headed ogre shouts in stereo!
You slash the wight! Your headbutt misses the wight.
The wight is almost destroyed.
You hit the two-headed ogre but do no damage.
You hit the bullfrog. You freeze the bullfrog.
You closely miss the orc warrior.
Your orc hits the wyvern zombie from afar with a +0 trident.
You block the orc warrior's attack. The bullfrog misses you.
The wight hits you with a +4 short sword.
* * * LOW HITPOINT WARNING * * *
You feel drained.
* * * LOW HITPOINT WARNING * * *
The wyvern zombie barely misses your orc wizard.
You block the two-headed ogre's attack.
The two-headed ogre hits you with a +0 giant spiked club!
* * * LOW HITPOINT WARNING * * *
Your orc hits the wyvern zombie with a +0 war axe!
You closely miss the wight. You headbutt the wight.
You destroy the wight!
Okawaru accepts your kill.
You hit the orc warrior. You freeze the orc warrior. You slash the bullfrog!
You freeze the bullfrog.
You kill the bullfrog!
Okawaru accepts your kill.
You hit the two-headed ogre. You freeze the two-headed ogre.
You closely miss the orc.
Your orc wizard hits the wyvern zombie with a +0 dagger.
Your orc wizard casts a spell at the wyvern zombie.
The puff of flame hits the wyvern zombie!
Your orc warrior hits the orc with a +0 short sword!
The orc dies!
Okawaru accepts your kill.
Your orc hits the wyvern zombie from afar with a +0 trident.
The orc warrior hits you with a +0 war axe!
You die...

##......................#
.)###....####.....####..#
#..[#....# ##...## #..#
..###....# ##.##. #..#
##.......## #.#. ##..#
.#.#......## +#.#' ##...#
##.........###...###....#
..###..........8Qo......#
#.###......###.O@###....#
..##......##.'#)#)o##...#
.....#...##. #o#Zoo##..#
######...# ##o##o..#..#
#...# ##.o.##.$#..#
#...####..o..####..#
...................#####
###..............<......#
#######...........#.#.#####


You could see a two-headed ogre, a tengu conjurer, an orc warrior, a wyvern
zombie (ally target), a friendly orc warrior (summoned), a friendly orc priest
(summoned), 3 friendly orc wizards and 3 friendly orcs.

Vanquished Creatures
  Pikel (D:6)
  Joseph (D:8)
  Grinder (D:6)
  A hornet (D:8)
  Sigmund (D:2)
  A steam dragon (D:7)
  Menkaure (D:5)
  A water moccasin (D:6)
  An orc warrior (D:8)
  A black bear (D:6)
  3 ice beasts
  A sky beast (D:7)
  A necrophage (D:6)
  2 ogres
  5 centaurs
  A kobold brigand (D:8)
  An elf zombie (Ossuary)
  2 bullfrogs
  2 scorpions
  A wyvern skeleton (D:7)
  4 killer bees (D:8)
  6 wights (D:8)
  A howler monkey (D:6)
  2 hounds
  2 gnoll shamans
  3 orc priests
  A bullfrog zombie (D:6)
  A human zombie (Ossuary)
  A centaur skeleton (D:5)
  6 iguanas
  7 orc wizards
  3 killer bee zombies
  4 mummies (Ossuary)
  A hound zombie (Ossuary)
  A hound skeleton (D:4)
  Robin (D:4)
  10 gnolls
  5 adders
  2 white imps
  An ufetubus (D:4)
  2 adder zombies (Ossuary)
  A dart slug (D:3)
  2 worms
  24 orcs
  7 ball pythons
  6 endoplasms
  13 giant cockroaches
  17 goblins
  12 hobgoblins
  3 jackals
  4 quokkas
  5 bats
  5 frilled lizards
  2 gnoll zombies (Ossuary)
  3 goblin zombies
  8 kobolds
  2 kobold zombies (Ossuary)
  An orc zombie (Ossuary)
  A quokka zombie (D:4)
  4 rats
213 creatures vanquished.

Vanquished Creatures (collateral kills)
  An orc warrior (D:8)
  An orc (D:8)
2 creatures vanquished.

Vanquished Creatures (others)
  A fungus (D:4)
  A plant (D:4)
2 creatures vanquished.

Grand Total: 217 creatures vanquished

Notes
Turn   | Place    | Note
-------+----------+-------------------------------------------
     0 | D:1      | EnegeticOcto the Minotaur Fighter began the quest for the
                  | Orb.
     0 | D:1      | Reached XP level 1. HP: 19/19 MP: 0/0
   113 | D:1      | Reached XP level 2. HP: 27/27 MP: 1/1
   175 | D:1      | Reached skill level 3 in Axes
   349 | D:1      | Reached XP level 3. HP: 33/33 MP: 2/2
   791 | D:2      | Noticed Sigmund
   794 | D:2      | Killed Sigmund
   795 | D:2      | Reached skill level 4 in Axes
   795 | D:2      | Reached XP level 4. HP: 25/41 MP: 3/3
   795 | D:2      | Reached XP level 5. HP: 29/47 MP: 4/4
   963 | D:2      | You fall into a shaft and drop 1 floor!
   976 | D:3      | Reached skill level 5 in Axes
  1448 | D:3      | Found a sparkling altar of Nemelex Xobeh.
  1642 | D:3      | Found a shimmering altar of Xom.
  1913 | D:3      | Found a glowing silver altar of Zin.
  1970 | D:4      | Reached XP level 6. HP: 50/52 MP: 5/5
  1985 | D:4      | Found a blossoming altar of Fedhas.
  1994 | D:4      | Noticed an oklob plant
  2038 | D:4      | Found a sand-covered staircase.
  2047 | Ossuary  | Entered an ossuary
  2059 | Ossuary  | Reached skill level 5 in Shields
  2067 | Ossuary  | Reached skill level 5 in Fighting
  2067 | Ossuary  | Reached skill level 5 in Armour
  2269 | D:4      | Noticed Robin
  2275 | D:4      | Killed Robin
  2276 | D:4      | Reached skill level 6 in Axes
  2292 | D:4      | Reached XP level 7. HP: 45/61 MP: 6/6
  2967 | D:5      | Entered Level 5 of the Dungeon
  2994 | D:5      | Found a staircase to the Ecumenical Temple.
  3075 | Temple   | Entered the Ecumenical Temple
  3261 | Temple   | Became a worshipper of Warmaster Okawaru
  3281 | D:5      | Reached skill level 7 in Axes
  3341 | D:5      | Noticed Menkaure
  3346 | D:5      | Killed Menkaure
  3347 | D:5      | Reached skill level 1 in Invocations
  3347 | D:5      | Reached XP level 8. HP: 68/70 MP: 7/7
  3592 | D:5      | Reached * piety under Okawaru
  3735 | D:5      | Found a stormy altar of Qazlal.
  4217 | D:6      | Reached skill level 8 in Axes
  4331 | D:6      | Noticed Pikel
  4341 | D:6      | Killed Pikel
  4341 | D:6      | Reached ** piety under Okawaru
  4445 | D:6      | Reached skill level 9 in Axes
  4445 | D:6      | Reached XP level 9. HP: 63/79 MP: 10/10
  4680 | D:6      | Noticed Grinder
  4681 | D:6      | Paralysed by Grinder for 5 turns
  4690 | D:6      | Killed Grinder
  4895 | D:7      | Found a sacrificial altar of Ru.
  5344 | D:7      | Found Uducall's Neck Hole.
  5421 | D:7      | Reached *** piety under Okawaru
  5444 | D:7      | Reached skill level 10 in Axes
  5575 | D:8      | Paralysed by a hornet for 3 turns
  5763 | D:8      | Noticed Joseph
  5765 | D:8      | Paralysed by Joseph for 4 turns
  5784 | D:8      | Killed Joseph
  5785 | D:8      | Reached XP level 10. HP: 88/88 MP: 10/12
  6056 | D:8      | Found a radiant altar of Vehumet.
  6196 | D:8      | Noticed a two-headed ogre
  6201 | D:8      | Reached **** piety under Okawaru
  6202 | D:8      | Reached skill level 11 in Axes
  6209 | D:8      | Mangled by an orc warrior

Illustrated notes

Levels and vault maps discovered:
D:1:      minmay_arrival_glassed_features, layout_basic, minmay_ruptured
D:2:      layout_rooms, corexii_shack, minmay_hedge_maze,
          kennysheep_generic_room_11, uniq_sigmund
D:3:      minmay_roachtagon, layout_loops_cross, zin_treasury,
          mainiacjoe_overflow_small_starburst, lemuel_crystal_altar,
          minmay_misc_feat_ornament, kennysheep_generic_room_15
D:4:      kennysheep_big_flooded_room, layout_loops_ring, tgw_fedhas,
          enter_ossuary_4, uniq_robin
D:5:      layout_basic, mainiacjoe_overflow_alcove_4, temple_green,
          lemuel_old_faithful, uniq_menkaure
D:6:      layout_layer_cave, st_stairs_11, corexii_item_surrounded_by_moat,
          uniq_pikel, uniq_grinder
D:7:      layout_loops_ring, nicolae_ru_great_annihilating_truth,
          chequers_decorated_corner, nicolae_shop_sticking_my_neck_out
D:8:      cheibrodos_barr_body, layout_basic, vehumet_statue,
          minmay_starry_boxes, uniq_joseph
Temple:   minmay_temple_curvy_branch

Skill      XL: |  1  2  3  4  5  6  7  8  9 10 |
---------------+-------------------------------+-----
Axes           | 3 4 5 6 7 9 10 11 | 11.0
Shields        | 4 5 6 7 8 |  8.5
Armour         | 4 5 6 7 8 |  8.4
Fighting       | 4 5 6 7 8 |  8.4
Invocations    | 1 2 4 |  4.8

Action                   |  1- 3 |  4- 6 |  7- 9 | 10-12 || total
-------------------------+-------+-------+-------+-------++-------
Melee: War axe           |    80 |    50 |    18 |    52 ||   200
       Headbutt          |    11 |    17 |    39 |     7 ||    74
       Hand axe          |       |    83 |   231 |       ||   314
Invok: Heroism           |       |       |     2 |     1 ||     3
  Use: Scroll            |       |    11 |     7 |     1 ||    19
       Potion            |       |       |     1 |     2 ||     3
 Stab: Paralysed         |       |       |     1 |       ||     1
Armor: Scale mail        |    47 |    60 |    49 |    30 ||   186
Dodge: Dodged            |    22 |    43 |    66 |    32 ||   163
Block: Kite shield       |    46 |    69 |   102 |    47 ||   264
